Cogmind - Beta 16 @@@ ROGUE MODE // 2025.11.15 @ 03:26:53 Player: ChromeKnight Result: Core destroyed Performance ------------- Evolutions (6) 3000 Regions Visited (16) 3200 Robots Destroyed (113) 565 Value Destroyed (3107) 3107 Prototype IDs (29) 580 Alien Tech Used (2) 400 Bonus (1400) 1400 TOTAL SCORE: 12252 Bonus ------- Follower Combat Kills 360 Registered with UFD 300 Met Optimus in HQ 500 Met Zhirov 300 Friendly Fire -60 Cogmind --------- Core Integrity 0/1150 Matter 260/300 Energy 100/100 System Corruption 0% Temperature Cool (0) Movement Walking (120) Location -4/Armory Parts ------- > --- POWER (2) -------- (None) > --- PROPULSION (7) --- Flexi-carbon Leg Flexi-carbon Leg Flexi-carbon Leg > --- UTILITY (7) ------ Advanced Heat Sink Large Storage Unit Improved Transmission Jammer Hacking Suite Advanced Hacking Suite Advanced Hacking Suite > --- WEAPON (3) ------- Companion Sword > --- INVENTORY (15) --- Light Quantum Reactor Light Quantum Reactor Advanced Point Defense System Improved System Guard Missile Launcher Peak State ------------ > --- POWER ------------ Light Antimatter Reactor Light Quantum Reactor > --- PROPULSION ------- Flexi-carbon Leg Flexi-carbon Leg Flexi-carbon Leg Flexi-carbon Leg Centrium Leg > --- UTILITY ---------- Advanced Heat Sink Improved Transmission Jammer Graphene Brace Hacking Suite Advanced Hacking Suite Advanced Hacking Suite > --- WEAPON ----------- Companion Sword > --- INVENTORY -------- Light Quantum Reactor Light Quantum Reactor Advanced Point Defense System Transdimensional Reconstructor Missile Launcher [Rating: 88] Favorites ----------- Power Heavy Ion Engine Engine Heavy Ion Engine Power Core Micro Fission Core Reactor Heavy Antimatter Reactor Propulsion Light Treads Treads Light Treads Leg Flexi-carbon Leg Hover Unit Aerolev Unit Utility Large Storage Unit Device Cooling System Storage Large Storage Unit Processor 0b10 Decoder Chip [Looter] Hackware Advanced Hacking Suite Protection Hardened Medium Armor Plating Weapon Companion Sword Energy Gun Spread Laser Ballistic Gun Assault Rifle Launcher Missile Launcher Special Weapon Mining Laser Impact Weapon Great Maul Slashing Weapon Companion Sword Build | -11 -10 -10 -10 -9 -8 -8 -8 -8 -6 -5 -5 -5 -5 -4 -4 -4 ------- Run | Yrd Mat Min Exi Min Mat Sto Rec Scr Fac Fac Upp Upp Zhi Pro Fac Arm Slots Evolved 12 | . . . . . 4 . . . 4 2 . . . . 2 . Power 1 | . . . . . . . . . 1 . . . . . . . Propulsion 5 | . . . . . 1 . . . 2 1 . . . . 1 . Utility 5 | . . . . . 2 . . . 1 1 . . . . 1 . Weapon 1 | . . . . . 1 . . . . . . . . . . . Parts Attached 96 | 6 2 2 . 7 16 12 . 4 6 9 . 5 7 3 7 10 Power 12 | 1 . . . . 1 1 . . 3 1 . 1 1 . . 3 Engine 7 | 1 . . . . 1 1 . . 3 . . 1 . . . . Core 1 | . . . . . . . . . . 1 . . . . . . Reactor 4 | . . . . . . . . . . . . . 1 . . 3 Propulsion 31 | 2 . . . 2 5 5 . 3 1 4 . 1 3 . . 5 Treads 13 | 2 . . . 2 4 5 . . . . . . . . . . Leg 5 | . . . . . . . . . . . . . . . . 5 Wheel . | . . . . . . . . . . . . . . . . . Hover 13 | . . . . . 1 . . 3 1 4 . 1 3 . . . Flight . | . . . . . . . . . . . . . . . . . Utility 37 | 1 2 . . 2 4 4 . . 2 4 . 3 3 3 7 2 Device 17 | . 1 . . 1 3 2 . . 1 3 . 1 . 1 3 1 Storage 7 | 1 1 . . . 1 . . . 1 . . . 2 . . 1 Processor 2 | . . . . . . . . . . . . . . 1 1 . Hackware 3 | . . . . . . . . . . . . . . . 3 . Protection 8 | . . . . 1 . 2 . . . 1 . 2 1 1 . . Artifact . | . . . . . . . . . . . . . . . . . Weapon 16 | 2 . 2 . 3 6 2 . 1 . . . . . . . . Energy Gun 6 | . . . . 2 4 . . . . . . . . . . . Energy Cannon . | . . . . . . . . . . . . . . . . . Ballistic Gun 4 | 2 . 1 . . 1 . . . . . . . . . . . Ballistic Cannon . | . . . . . . . . . . . . . . . . . Launcher 3 | . . . . 1 1 1 . . . . . . . . . . Special Weapon 1 | . . 1 . . . . . . . . . . . . . . Impact Weapon 1 | . . . . . . 1 . . . . . . . . . . Slashing Weapon 1 | . . . . . . . . 1 . . . . . . . . Piercing Weapon . | . . . . . . . . . . . . . . . . . Special Melee Weapon . | . . . . . . . . . . . . . . . . . Unidentified Prototypes 14 | . . . . 1 1 2 . 1 . 1 . . 6 . 1 1 Parts Lost 33 | . . . . 3 2 . . . 1 1 . 3 . 7 7 9 Power 5 | . . . . 1 . . . . . . . . . . 1 3 Propulsion 15 | . . . . 2 1 . . . . . . 2 . 4 3 3 Utility 13 | . . . . . 1 . . . 1 1 . 1 . 3 3 3 Weapon . | . . . . . . . . . . . . . . . . . Highest Loss Streak 5 | . . . . 3 1 . . . 1 1 . 3 . 5 5 4 To Critical Strikes 1 | . . . . . . . . . . . . . . . 1 . Average Backups 10 | . 1 3 3 7 11 14 15 12 11 11 12 11 11 8 6 4 Power . | . . . . . . . 1 1 . 1 1 . 1 1 1 2 Propulsion 2 | . . . . 1 2 5 5 2 . . 2 1 1 1 . . Utility 5 | . . 1 1 4 6 7 8 7 8 9 8 8 7 4 3 1 Weapon 1 | . . 2 2 2 2 1 1 1 1 1 1 1 1 1 1 1 Tool/Special . | . . . . . . . . . . . . . . . . . Unused Backups 18 | . . . . 1 3 1 . . 4 1 . . . 1 3 4 Power 2 | . . . . . . . . . . . . . . . . 2 Propulsion 1 | . . . . . 1 . . . . . . . . . . . Utility 13 | . . . . 1 1 . . . 4 1 . . . 1 3 2 Weapon 2 | . . . . . 1 1 . . . . . . . . . . Tool/Special . | . . . . . . . . . . . . . . . . . Average Slot Usage (%) 87 | . 86 100 79 87 94 99 100 87 80 86 88 78 77 74 57 64 Engine 7 | . 14 14 14 3 8 9 9 9 8 9 5 6 1 1 2 . Treads 16 | . 28 28 28 26 26 27 27 8 . . . . . . . . Hover 10 | . . . . . . . . 18 32 33 35 31 33 30 13 1 Device 11 | . . 14 14 4 15 17 9 9 12 16 17 11 11 10 11 13 Storage 8 | . 14 14 14 14 9 9 9 9 6 5 5 5 5 5 3 1 Protection 10 | . . . . 9 8 9 18 17 12 11 11 12 14 12 5 . Energy Gun 9 | . . . . 18 18 23 18 5 . . . . . . . . Ballistic Gun 4 | . 28 27 7 8 1 . . . . . . . . . . . Impact Weapon 2 | . . . . . . 3 9 5 . . . . . . . . Slashing Weapon 2 | . . . . . . . . 4 6 5 5 5 5 5 5 5 Peak Build Rating 88 | 6 7 7 7 15 22 37 34 41 59 73 73 73 84 79 79 88 Average Rating 35 | 4 6 7 5 8 18 28 34 37 56 68 73 63 71 70 62 75 On Entrance 35 | . 6 7 7 5 10 21 34 34 37 59 73 73 58 79 61 46 Avg Prop Armor Cover (%) 3 | . . . . . . . . . . . 3 3 . . 3 9 Naked Turns . | . . . . . . . . . . . . . . . . . Heaviest Build 59 | 14 34 30 29 32 41 52 50 50 54 57 53 57 59 59 52 42 Greatest Support 110 | 40 40 40 40 40 60 66 66 66 56 72 58 58 64 65 56 110 Greatest Overweight (x) 8 | . . . . 8 . . . 1 . . . 1 . 1 1 2 Average Overweight (x) . | . . . . . . . . . . . . . . . . . Largest Inventory Capacity 15 | 8 15 15 15 15 15 15 15 15 15 15 15 15 15 15 15 15 Average Capacity 14 | 6 8 15 15 15 15 15 15 15 15 15 15 15 15 15 11 7 Most Carried 15 | . 3 8 9 15 15 15 15 15 15 15 15 15 15 15 12 5 Average Carried 12 | . 1 3 8 12 13 14 15 14 14 14 15 14 14 12 8 4 Final Capacity 15 | 8 15 15 15 15 15 15 15 15 15 15 15 15 15 15 5 15 Final Carried 15 | . 3 8 9 15 15 15 15 15 15 15 15 14 15 9 5 5 Class Distribution -------------------- 44% | Mutant 23% | Commander-Mutant 8% | Scavenger-Tank 8% | Scavenger-Mutant 5% | Hacker-Mutant 4% | Sprinter 3% | Tank 3% | Commander-Tank Dominant Class ---------------- Mutant | -10/Materials Mutant | -10/Mines Mutant | -10/Exiles Scavenger-Mutant | -9/Mines Scavenger-Tank | -8/Materials Commander-Mutant | -8/Storage Commander-Mutant | -8/Recycling Commander-Mutant | -8/Scraptown Mutant | -6/Factory Mutant | -5/Factory Mutant | -5/Upper Caves Mutant | -5/Upper Caves Sprinter | -5/Zhirov Mutant | -4/Proximity Caves Mutant | -4/Factory Hacker-Mutant | -4/Armory Resources | -11 -10 -10 -10 -9 -8 -8 -8 -8 -6 -5 -5 -5 -5 -4 -4 -4 ----------- Run | Yrd Mat Min Exi Min Mat Sto Rec Scr Fac Fac Upp Upp Zhi Pro Fac Arm Matter Collected 2102 | 221 221 112 . 425 171 132 60 60 95 125 . 69 151 80 95 85 Remotely . | . . . . . . . . . . . . . . . . . Salvage Created 5190 | . 240 19 . 494 608 495 252 393 276 712 . 262 420 499 303 217 Parts 198 | . 20 . . 35 19 29 7 1 8 22 . 15 . 22 11 9 Haulers Intercepted 5 | . . . . . 1 1 . . . 2 . . . . 1 . Recyclers Shooed 5 | . 2 . . 1 . . . . 1 1 . . . . . . Parts Field Recycled . | . . . . . . . . . . . . . . . . . Retrieved Matter . | . . . . . . . . . . . . . . . . . Parts Self-Destructed 39 | . . . . . . . . . . . . 15 . 24 . . Prevented 7 | . . . . . . . . . . . . . . 7 . . Parts Restored . | . . . . . . . . . . . . . . . . . Kills | -11 -10 -10 -10 -9 -8 -8 -8 -8 -6 -5 -5 -5 -5 -4 -4 -4 ------- Run | Yrd Mat Min Exi Min Mat Sto Rec Scr Fac Fac Upp Upp Zhi Pro Fac Arm Combat Hostiles Destroyed 71 | . 7 1 . 18 6 10 4 . 3 3 . 8 . 8 . 3 Melee 22 | . . . . . . . . . 3 3 . 5 . 8 . 3 Guns 33 | . 7 1 . 6 5 10 4 . . . . . . . . . AOE 14 | . . . . 11 . . . . . . . 3 . . . . Classes Destroyed 21 | . 3 1 . 5 2 1 . 3 1 1 . 2 . 2 . . Worker 9 | . . . . 2 5 . . . . 1 . . . . 1 . Builder 3 | . . . . 1 1 . . . . 1 . . . . . . Hauler 6 | . . . . . 1 1 . 1 . 2 . . . . 1 . Recycler 9 | . . . . 2 2 . 1 1 . 2 . . . . 1 . Minesweeper 3 | . . . . . . . . . . . . 1 . 2 . . Mechanic 1 | . . . . . . 1 . . . . . . . . . . Operator 2 | . 1 . . . . . . . 1 . . . . . . . Watcher 3 | . . . . . 1 . . . . 1 . . . . 1 . Swarmer 23 | . 3 . . 11 . 1 . . . . . 5 . 3 . . Grunt 28 | . 4 . . 3 3 7 1 4 1 1 . 1 . . . 3 Brawler 2 | . . . . . . . . . 1 . . . . 1 . . Duelist 1 | . . . . . . . . . . . . 1 . . . . Protector 2 | . . . . . . . . 2 . . . . . . . . Sentry 13 | . . . . 2 3 3 3 . 2 . . . . . . . Demolisher 1 | . . . . 1 . . . . . . . . . . . . Hunter 2 | . . . . . . . . . . . . . . 2 . . Programmer 5 | . . . . . . . . . . 2 . 1 . 2 . . Scientist 2 | . . . . . . . . 2 . . . . . . . . Samaritan 1 | . . . . . . . . . . . . . . 1 . . Tinkerer 1 | . . . . . . . . 1 . . . . . . . . Assembled 2 | . . 1 . 1 . . . . . . . . . . . . Best Kill Streak 8 | . 6 1 . 6 8 3 2 . 2 5 . 3 . 4 1 2 Combat Bots Only 6 | . 6 1 . 4 3 3 2 . 2 3 . 3 . 3 . 2 Max Kills in Single Turn 3 | . 1 1 . 3 2 1 1 2 1 1 . 2 . 1 1 1 Gunslinging . | . . . . . . . . . . . . . . . . . Exploded 3 | . . . . 3 . . . . . . . 2 . . . . Melee 1 | . . . . . . . . . 1 1 . 1 . 1 . 1 Uniques/NPCs Destroyed . | . . . . . . . . . . . . . . . . . Combat | -11 -10 -10 -10 -9 -8 -8 -8 -8 -6 -5 -5 -5 -5 -4 -4 -4 -------- Run | Yrd Mat Min Exi Min Mat Sto Rec Scr Fac Fac Upp Upp Zhi Pro Fac Arm Hostile Shots Fired 669 | . 42 4 . 55 42 33 13 . 100 17 . 62 . 118 92 91 Missed 210 | . 10 1 . 12 13 8 2 . 33 7 . 29 . 38 37 20 Hits 459 | . 32 3 . 43 29 25 11 . 67 10 . 33 . 80 55 71 Melee 12 | . . . . . . . . . . . . 7 . 5 . . Projectile 447 | . 32 3 . 43 29 25 11 . 67 10 . 26 . 75 55 71 AOE 3 | . . . . 2 . . . . . . . . . . . 1 Critical Strikes 13 | . . . . 2 2 . . . . 2 . 2 . 1 3 1 Actively Blocked 3 | . . . . . . . . . . . . . . . 2 1 Damage Taken 7767 | . 282 34 . 592 438 255 153 . 619 214 . 664 . 1526 1080 1910 Core 1862 | . 63 10 . 86 62 25 15 . 50 26 . 115 . 252 528 630 Absorbed by Shields 114 | . . . . . . 101 13 . . . . . . . . . Redirected to Shielding 80 | . . . . . . . 10 . . . . 13 . 11 46 . Regen/Repaired (Parts) 55 | . . . . . . . . . . 55 . . . . . . Core Remaining (%) 74 | 100 . . . 36 . . . 81 94 . . . . 60 . . Volleys Fired 169 | . 33 9 . 42 38 36 9 . . . . 2 . . . . Largest 3 | . 2 2 . 2 3 3 2 . . . . 1 . . . . Hottest 191 | . 40 100 . 112 153 191 128 . . . . 36 . . . . Shots Fired 340 | . 66 17 . 67 79 91 18 . . . . 2 . . . . Gun 313 | . 66 13 . 50 79 87 18 . . . . . . . . . Cannon . | . . . . . . . . . . . . . . . . . Launcher 23 | . . . . 17 . 4 . . . . . 2 . . . . Special 4 | . . 4 . . . . . . . . . . . . . . Kinetic 102 | . 66 13 . 19 4 . . . . . . . . . . . Thermal 215 | . . 4 . 31 75 87 18 . . . . . . . . . Explosive 23 | . . . . 17 . 4 . . . . . 2 . . . . Electromagnetic . | . . . . . . . . . . . . . . . . . Robot Hit Streak 15 | . 5 2 . 9 14 8 15 . . . . . . . . . Robot Miss Streak 5 | . 4 3 . 4 3 5 4 . . . . 1 . . . . Penetration Max . | . . . . . . . . . . . . . . . . . Secondary Targets 5 | . . . . . 2 1 2 . . . . . . . . . Max Gunslinging Chain 1 | . . . . . 1 1 1 . . . . . . . . . Shots Hit Robots 367 | . 35 5 . 36 60 64 15 9 19 27 . 17 8 44 7 21 Core Hits 221 | . 14 4 . 27 46 51 19 1 5 12 . 10 4 14 5 9 Critical Kills . | . . . . . . . . . . . . . . . . . Critical Parts Destroyed 4 | . . . . . . . . 4 . . . . . . . . Critical Strikes 20 | . . . . 2 3 2 1 4 . 2 . 2 . 4 . . Burn 8 | . . . . 2 3 2 1 . . . . . . . . . Smash 4 | . . . . . . . . 4 . . . . . . . . Melee Attacks 225 | . . . . . . 20 1 9 21 39 . 27 8 55 15 30 Impact 30 | . . . . . . 20 1 9 . . . . . . . . Slashing 195 | . . . . . . . . . 21 39 . 27 8 55 15 30 Piercing . | . . . . . . . . . . . . . . . . . Sneak Attacks 33 | . . . . . . 1 1 9 4 6 . 4 . 5 3 . Combat Hostiles 1 | . . . . . . . . . . . . 1 . . . . Follow-up Attacks 4 | . . . . . . . . . . . . . 1 . . 3 Damage Inflicted 12105 | . 422 57 . 1106 934 1124 400 903 920 1381 . 1157 610 1855 447 789 Guns 3062 | . 422 57 . 462 922 929 270 . . . . . . . . . Cannons . | . . . . . . . . . . . . . . . . . Explosions 1071 | . . . . 644 . 87 . . . . . 340 . . . . Melee 7954 | . . . . . . 108 124 903 920 1381 . 817 610 1855 447 789 Ramming 18 | . . . . . 12 . 6 . . . . . . . . . Kinetic 689 | . 422 57 . 156 54 . . . . . . . . . . . Thermal 2373 | . . . . 306 868 929 270 . . . . . . . . . Explosive 1071 | . . . . 644 . 87 . . . . . 340 . . . . Electromagnetic . | . . . . . . . . . . . . . . . . . Impact 1135 | . . . . . . 108 124 903 . . . . . . . . Slashing 6819 | . . . . . . . . . 920 1381 . 817 610 1855 447 789 Piercing . | . . . . . . . . . . . . . . . . . Highest Corruption 6 | . 6 6 6 6 . . . . 3 1 1 1 1 3 . . Average Corruption 3 | . 2 6 6 6 . . . . 2 1 1 1 1 2 . . Corruption Purged . | . . . . . . . . . . . . . . . . . Corruption Blocked . | . . . . . . . . . . . . . . . . . Effects 75 | . 11 18 7 21 . . . . 4 . . 1 2 11 . . Message Errors 16 | . 1 5 . 5 . . . . 2 . . . 1 2 . . Matter Fused 16 | . 3 2 2 5 . . . . . . . 1 . 3 . . Heat Flow Errors 8 | . . . 3 3 . . . . . . . . . 2 . . Energy Discharges 15 | . 1 2 2 5 . . . . 2 . . . 1 2 . . Parts Fused 1 | . . 1 . . . . . . . . . . . . . . Data Loss (minor) 11 | . 4 4 . 1 . . . . . . . . . 2 . . Data Loss (major) 1 | . . . . 1 . . . . . . . . . . . . Misfires 4 | . 1 3 . . . . . . . . . . . . . . Alerts 1 | . . 1 . . . . . . . . . . . . . . Weapon Failures 2 | . 1 . . 1 . . . . . . . . . . . . Overload Shots . | . . . . . . . . . . . . . . . . . Overflow Damage 1557 | . . . . 8 . 38 84 531 119 164 . 156 148 304 5 . Projectiles 67 | . . . . . . . . 67 . . . . . . . . Explosions 8 | . . . . 8 . . . . . . . . . . . . Melee 1482 | . . . . . . 38 84 464 119 164 . 156 148 304 5 . Knockbacks 11 | . . . . . . . 1 10 . . . . . . . . Impact 6 | . . . . . . . 1 5 . . . . . . . . Kinetic . | . . . . . . . . . . . . . . . . . Secondary 5 | . . . . . . . . 5 . . . . . . . . Self-Inflicted Damage 67 | . . . . 59 . 8 . . . . . . . . . . Shots 4 | . . . . 3 . 1 . . . . . . . . . . Rammed 1 | . . . . . . . 1 . . . . . . . . . Targets Rammed 2 | . . . . . 1 . 1 . . . . . . . . . Kicked . | . . . . . . . . . . . . . . . . . Crushed 1 | . . . . . 1 . . . . . . . . . . . Highest Temperature 372 | . . 22 263 371 45 372 63 . 20 51 . 331 . 78 . . Average Temperature 79 | . . 10 121 143 16 99 28 . 8 12 . 178 . 51 . . Received Heat Transfer 1249 | . 60 . . 105 252 102 70 . 144 9 . 33 . 9 48 417 Effects 6 | . . . . 3 . . . . . . . 3 . . . . Energy Bleed 1 | . . . . . . . . . . . . 1 . . . . Interference 1 | . . . . . . . . . . . . 1 . . . . Short Circuit 1 | . . . . . . . . . . . . 1 . . . . Damage (minor) 3 | . . . . 3 . . . . . . . . . . . . Siege Activations . | . . . . . . . . . . . . . . . . . Martial Activations . | . . . . . . . . . . . . . . . . . Shielding Activations . | . . . . . . . . . . . . . . . . . Robots Disrupted 3 | . . . . . . . . . . 1 . 1 . 1 . . Combat Hostiles 1 | . . . . . . . . . . 1 . . . . . . Robots Corrupted 10 | . . . . . . . 1 9 . . . . . . . . Combat Hostiles . | . . . . . . . . . . . . . . . . . Parts Fried 13 | . . . . . . . 1 12 . . . . . . . . Impact Corruptions 31 | . . . . . . 2 3 26 . . . . . . . . Robots Melted 2 | . . . . 1 1 . . . . . . . . . . . Combat Hostiles 2 | . . . . 1 1 . . . . . . . . . . . Parts Melted 12 | . . . . 3 6 2 1 . . . . . . . . . Heat Transferred 5390 | . . . . 925 2074 1895 496 . . . . . . . . . Parts Sabotaged . | . . . . . . . . . . . . . . . . . Parts Stolen . | . . . . . . . . . . . . . . . . . Parts Stripped . | . . . . . . . . . . . . . . . . . Power Chain Reactions . | . . . . . . . . . . . . . . . . . Alert | -11 -10 -10 -10 -9 -8 -8 -8 -8 -6 -5 -5 -5 -5 -4 -4 -4 ------- Run | Yrd Mat Min Exi Min Mat Sto Rec Scr Fac Fac Upp Upp Zhi Pro Fac Arm Maximum Alert Level 1 | . . . . 1 . 1 . . . . . . . . . . Low Security (%) 87 | 100 100 100 . 89 100 46 100 . 100 100 . . . . 100 100 Level 1 12 | . . . . 10 . 53 . . . . . . . . . . Level 2 . | . . . . . . . . . . . . . . . . . Level 3 . | . . . . . . . . . . . . . . . . . Level 4 . | . . . . . . . . . . . . . . . . . Level 5 . | . . . . . . . . . . . . . . . . . High Security . | . . . . . . . . . . . . . . . . . Max Security . | . . . . . . . . . . . . . . . . . Peak Influence 362 | . 145 2 . 219 61 362 146 . 42 47 . . . . 74 30 Initial 82 | . . . . . 56 3 82 . . . . . . . 31 30 Average 73 | . 50 . . 143 31 170 66 . 5 11 . . . . 23 8 Influence Increases 3273 | . 197 2 . 518 265 687 351 . 77 129 . 280 15 410 242 100 Destroy 0b10 Robot/C 1620 | . 140 . . 340 120 380 140 . 60 60 . 160 . 160 . 60 Destroy 0b10 Robot/NC 200 | . 5 . . 25 50 15 15 . 5 35 . 5 15 10 20 . Destroy Leader 258 | . 30 . . 50 34 74 . . 10 16 . 10 . 30 4 . Allied During Kill 171 | . . . . . . 146 23 . 2 . . . . . . . Trap Triggered on 0b10 30 | . . . . . 30 . . . . . . . . . . . Successful Hack 85 | . 7 . . . . 18 22 . . 12 . . . . 26 . Select Force Hacks 150 | . . . . . . . 150 . . . . . . . . . Disable Machine 45 | . . . . . . 15 . . . . . . . . . 30 Destroy Structure 159 | . . 2 . 103 1 24 1 . . 6 . . . . 12 10 Lose Combat Pursuer 555 | . 15 . . . 30 15 . . . . . 105 . 210 180 . Influence Decreases 3273 | . 197 2 . 372 401 485 542 21 77 93 36 110 185 360 228 164 Entered New Map 485 | . . . . . 90 7 130 21 . . 14 . 170 . 19 34 Time Decay 2437 | . 197 2 . 342 290 418 392 . 75 83 22 80 15 290 126 105 Lost Part 250 | . . . . 30 20 . . . 2 10 . 30 . 70 63 25 Lost Ally 100 | . . . . . . 60 20 . . . . . . . 20 . Purge Threat 1 | . . . . . 1 . . . . . . . . . . . Squads Dispatched 10 | . 1 . . . 1 3 . . . 2 . . . . 1 2 Investigation 2 | . . . . . . 1 . . . . . . . . . 1 Extermination 2 | . . . . . . . . . . 1 . . . . 1 . Reinforcement 6 | . 1 . . . 1 2 . . . 1 . . . . . 1 Assault . | . . . . . . . . . . . . . . . . . Garrison . | . . . . . . . . . . . . . . . . . Intercept . | . . . . . . . . . . . . . . . . . Searches Triggered . | . . . . . . . . . . . . . . . . . Construction Impeded 1 | . . . . . 1 . . . . . . . . . . . Haulers Reinforced 1 | . . . . . . . . . . 1 . . . . . . Active Scanning Responses . | . . . . . . . . . . . . . . . . . Cargo Convoy Interrupts . | . . . . . . . . . . . . . . . . . Stealth | -11 -10 -10 -10 -9 -8 -8 -8 -8 -6 -5 -5 -5 -5 -4 -4 -4 --------- Run | Yrd Mat Min Exi Min Mat Sto Rec Scr Fac Fac Upp Upp Zhi Pro Fac Arm Distress Signals 8 | . . . . . 1 3 . . . 1 . . . . 3 . Communications Jammed . | . . . . . . . . . . . . . . . . . Distress Signals . | . . . . . . . . . . . . . . . . . Times Spotted 168 | . 10 2 . 18 15 22 6 . 10 13 . 16 . 26 21 9 Peak Tracking Total 11 | . 4 1 . 4 6 5 3 . 5 5 . 6 . 4 11 4 Tactical Retreats 24 | . 1 . . 1 2 1 . . . . . 6 . 7 6 . Traps | -11 -10 -10 -10 -9 -8 -8 -8 -8 -6 -5 -5 -5 -5 -4 -4 -4 ------- Run | Yrd Mat Min Exi Min Mat Sto Rec Scr Fac Fac Upp Upp Zhi Pro Fac Arm Traps Triggered 11 | . 3 . . . . . . . 5 . . . . . . 3 Indirectly . | . . . . . . . . . . . . . . . . . Trap Hack Attempts . | . . . . . . . . . . . . . . . . . Triggered . | . . . . . . . . . . . . . . . . . Disarmed . | . . . . . . . . . . . . . . . . . Reprogrammed . | . . . . . . . . . . . . . . . . . Reused 8 | . . . . . 3 . . . . . . . . 5 . . Traps Extracted . | . . . . . . . . . . . . . . . . . Installed 16 | . . . . . 5 . . . . . . . . 11 . . Triggered 8 | . . . . . 3 . . . . . . . . 5 . . Most Traps Carried 5 | . . 5 5 5 5 . . 1 1 1 1 1 1 5 . . Machines | -11 -10 -10 -10 -9 -8 -8 -8 -8 -6 -5 -5 -5 -5 -4 -4 -4 ---------- Run | Yrd Mat Min Exi Min Mat Sto Rec Scr Fac Fac Upp Upp Zhi Pro Fac Arm Machines Disabled 4 | . . . . 1 . 1 . . . . . . . . . 2 Max in Single Turn 1 | . . . . 1 . 1 . . . . . . . . . 1 Garrison Access 2 | . . . . . . . . . . 1 . . . . 1 . Machines Repaired . | . . . . . . . . . . . . . . . . . Machines Dismantled . | . . . . . . . . . . . . . . . . . Machines Sabotaged . | . . . . . . . . . . . . . . . . . Overloaded Fab Kills . | . . . . . . . . . . . . . . . . . Hacking | -11 -10 -10 -10 -9 -8 -8 -8 -8 -6 -5 -5 -5 -5 -4 -4 -4 --------- Run | Yrd Mat Min Exi Min Mat Sto Rec Scr Fac Fac Upp Upp Zhi Pro Fac Arm Machines Accessed 44 | . 2 . . 1 2 6 10 3 3 4 . . 4 1 6 2 Terminals 22 | . 2 . . . 2 6 5 . 1 2 . . . 1 2 1 Fabricators 3 | . . . . . . . . . 1 . . . . . 1 1 Repair Stations 2 | . . . . . . . . . . 1 . . . . 1 . Recycling Units 6 | . . . . . . . 5 . . . . . . . 1 . Scanalyzers 1 | . . . . . . . . . 1 . . . . . . . Garrison Access 2 | . . . . . . . . . . 1 . . . . 1 . Total Hacks 81 | . 5 . . 1 5 8 15 4 4 6 . . 17 1 10 5 Successful 54 | . 3 . . 1 2 5 10 4 1 4 . . 17 1 3 3 Failed 27 | . 2 . . . 3 3 5 . 3 2 . . . . 7 2 Catastrophic 5 | . . . . . . 1 . . 2 1 . . . . 1 . Database Lockouts . | . . . . . . . . . . . . . . . . . Manual 23 | . 4 . . . . 1 15 . . 1 . . . . 2 . Terminals 36 | . 5 . . . 5 8 9 . 1 2 . . . 1 3 2 Fabricators 6 | . . . . . . . . . 2 . . . . . 1 3 Repair Stations 4 | . . . . . . . . . . 2 . . . . 2 . Recycling Units 8 | . . . . . . . 6 . . . . . . . 2 . Scanalyzers 1 | . . . . . . . . . 1 . . . . . . . Garrison Access 4 | . . . . . . . . . . 2 . . . . 2 . Terminal Hacks 35 | . 1 . . 1 2 5 . 4 . 1 . . 17 1 2 1 Record 8 | . . . . . . . . 2 . . . . 5 1 . . Part Schematic 4 | . . . . . . . . . . . . . 4 . . . Robot Analysis 4 | . . . . . . . . . . . . . 4 . . . Prototype ID Bank 4 | . . . . . . . . . . . . . 4 . . . Open Door 6 | . . . . 1 . 4 . 1 . . . . . . . . Branch Access Points 4 | . 1 . . . . 1 . . . 1 . . . . 1 . Terminal Index 1 | . . . . . . . . . . . . . . . . 1 Unreport Threat 1 | . . . . . 1 . . . . . . . . . . . Zone Layout 2 | . . . . . 1 . . . . . . . . . 1 . Proto ID Catalog 1 | . . . . . . . . 1 . . . . . . . . Fabricator Hacks 3 | . . . . . . . . . 1 . . . . . . 2 Network Status 1 | . . . . . . . . . 1 . . . . . . . Load Schematic 1 | . . . . . . . . . . . . . . . . 1 Build 1 | . . . . . . . . . . . . . . . . 1 Repair Station Hacks 2 | . . . . . . . . . . 2 . . . . . . Scan Component 1 | . . . . . . . . . . 1 . . . . . . Repair 1 | . . . . . . . . . . 1 . . . . . . Recycling Unit Hacks . | . . . . . . . . . . . . . . . . . Scanalyzer . | . . . . . . . . . . . . . . . . . Garrison Access Hacks 2 | . . . . . . . . . . 1 . . . . 1 . Seal Access 2 | . . . . . . . . . . 1 . . . . 1 . Unauthorized Hacks 12 | . 2 . . . . . 10 . . . . . . . . . Terminals 7 | . 2 . . . . . 5 . . . . . . . . . Skim 7 | . 2 . . . . . 5 . . . . . . . . . Fabricators . | . . . . . . . . . . . . . . . . . Repair Stations . | . . . . . . . . . . . . . . . . . Recycling Units 5 | . . . . . . . 5 . . . . . . . . . Tunnel 5 | . . . . . . . 5 . . . . . . . . . Scanalyzers . | . . . . . . . . . . . . . . . . . Garrison Access . | . . . . . . . . . . . . . . . . . Data Cores Recovered 1 | . . . . . . . . . 1 . . . . . . . Used 1 | . . . . . . . . . 1 . . . . . . . Hacking Detections 22 | . 2 . . . 2 3 3 . 3 2 . . . . 5 2 Full Trace Events 1 | . . . . . . . . . . . . . . . . 1 Feedback Events . | . . . . . . . . . . . . . . . . . Feedback Blocked . | . . . . . . . . . . . . . . . . . Robot Schematics Acquired . | . . . . . . . . . . . . . . . . . Robots Built . | . . . . . . . . . . . . . . . . . Authchips . | . . . . . . . . . . . . . . . . . Time . | . . . . . . . . . . . . . . . . . Total Robot Build Rating . | . . . . . . . . . . . . . . . . . Part Schematics Acquired 4 | . . . . . . . . . . . . . 4 . . . Parts Built . | . . . . . . . . . . . . . . . . . Authchips . | . . . . . . . . . . . . . . . . . Time 93 | . . . . . . . . . . . . . . . . 93 Total Part Build Rating . | . . . . . . . . . . . . . . . . . Part Studies Acquired . | . . . . . . . . . . . . . . . . . Parts Repaired 1 | . . . . . . . . . . 1 . . . . . . Time 60 | . . . . . . . . . . 60 . . . . . . Parts Recycled . | . . . . . . . . . . . . . . . . . Recycled Matter . | . . . . . . . . . . . . . . . . . Retrieved Matter . | . . . . . . . . . . . . . . . . . Retrieved Components . | . . . . . . . . . . . . . . . . . Parts Scanalyzed . | . . . . . . . . . . . . . . . . . Part Schematics Acquired . | . . . . . . . . . . . . . . . . . Parts Damaged . | . . . . . . . . . . . . . . . . . Bothacking | -11 -10 -10 -10 -9 -8 -8 -8 -8 -6 -5 -5 -5 -5 -4 -4 -4 ------------ Run | Yrd Mat Min Exi Min Mat Sto Rec Scr Fac Fac Upp Upp Zhi Pro Fac Arm Used RIF Installer . | . . . . . . . . . . . . . . . . . Robots Hacked . | . . . . . . . . . . . . . . . . . Non-combat . | . . . . . . . . . . . . . . . . . Combat . | . . . . . . . . . . . . . . . . . Robot Hacks Applied . | . . . . . . . . . . . . . . . . . Relay Couplers Released . | . . . . . . . . . . . . . . . . . Fabnet Peak Effective % . | . . . . . . . . . . . . . . . . . Robots Rewired 7 | . . . . . . . 7 . . . . . . . . . Allies Hacked . | . . . . . . . . . . . . . . . . . Hacks Repelled . | . . . . . . . . . . . . . . . . . Allies | -11 -10 -10 -10 -9 -8 -8 -8 -8 -6 -5 -5 -5 -5 -4 -4 -4 -------- Run | Yrd Mat Min Exi Min Mat Sto Rec Scr Fac Fac Upp Upp Zhi Pro Fac Arm Total Allies 20 | . . . . . . 10 7 . 2 . . . . . 1 . Largest Group 10 | . . . . . . 10 8 8 1 . . . . . . . Highest-Rated Group 173 | . . . . . . 173 149 149 20 . . . . . . . Highest-Rated Ally 29 | . . . . . . 29 29 29 20 . . . . . . . Total Orders 9 | . . . . . . 3 . 2 3 . . . . . 1 . STAY 4 | . . . . . . 2 . 2 . . . . . . . . FOLLOW 1 | . . . . . . 1 . . . . . . . . . . EXPLORE 1 | . . . . . . . . . . . . . . . 1 . RETURN 3 | . . . . . . . . . 3 . . . . . . . Ally Attacks 78 | . . . . . . 53 9 . 16 . . . . . . . Total Damage 972 | . . . . . . 693 152 . 127 . . . . . . . Kills 14 | . . . . . . 10 4 . . . . . . . . . Allies Corrupted 7 | . . . . . . 1 . 6 . . . . . . . . Allies Melted . | . . . . . . . . . . . . . . . . . Intel | -11 -10 -10 -10 -9 -8 -8 -8 -8 -6 -5 -5 -5 -5 -4 -4 -4 ------- Run | Yrd Mat Min Exi Min Mat Sto Rec Scr Fac Fac Upp Upp Zhi Pro Fac Arm Active Infowar (turns) 2363 | . 13 634 242 258 . . . . 151 246 . . 1 206 293 319 IFF 396 | . . . . . . . . . 151 245 . . . . . . Structural 1147 | . 13 634 242 258 . . . . . . . . . . . . Decoding 499 | . . . . . . . . . . . . . . 206 293 . Jamming 321 | . . . . . . . . . . 1 . . 1 . . 319 Robot Analysis Total 4 | . . . . . . . . . . . . . 4 . . . Derelict Logs Recovered 4 | . . 1 . 1 . . . . . . . . . 2 . . Drone Launches 25 | . . . . . . . . . 23 . . . . . 2 . Drone Recoveries 21 | . . . . . . . . . 21 . . . . . . . Decoded 0b10 Intel 21 | . . . . . . . . . . . . . . . 21 . Items 21 | . . . . . . . . . . . . . . . 21 . Exploration | -11 -10 -10 -10 -9 -8 -8 -8 -8 -6 -5 -5 -5 -5 -4 -4 -4 ------------- Run | Yrd Mat Min Exi Min Mat Sto Rec Scr Fac Fac Upp Upp Zhi Pro Fac Arm Turns Passed 9791 | 69 532 634 242 832 713 1376 936 1884 431 328 128 204 127 666 299 390 Spaces Moved 6689 | 40 266 336 151 398 309 395 522 1189 492 391 300 253 173 777 489 208 Core 21 | 3 . . . 3 . . . . . . . . . . . 15 Treads 2809 | 37 266 336 151 395 309 395 522 398 . . . . . . . . Legs 181 | . . . . . . . . . . . . . . . . 181 Wheels . | . . . . . . . . . . . . . . . . . Hover 3678 | . . . . . . . . 791 492 391 300 253 173 777 489 12 Flight . | . . . . . . . . . . . . . . . . . Fastest Speed 33 | 50 160 160 160 160 160 145 145 52 40 35 38 35 33 33 40 50 Average Speed 98 | 151 160 160 160 162 160 158 145 121 40 36 38 39 35 36 45 118 Slowest Speed 450 | 160 160 160 160 450 160 160 145 145 40 40 38 103 38 92 96 150 Overloaded Moves 6 | . . . . . . . . . . . . . . . 6 . Propulsion Burnouts . | . . . . . . . . . . . . . . . . . Robots Hopped . | . . . . . . . . . . . . . . . . . Potential Cave-ins 11 | . . . . . . 11 . . . . . . . . . . Cave-ins Triggered . | . . . . . . . . . . . . . . . . . Teleports 1 | . . . . . . . . . . . . . . . . 1 Exploration Rate (%) 48 | 4 50 80 56 84 28 58 97 67 17 12 47 47 60 68 26 15 Regions Visited 16 Branch Regions 11 Pre-discovered Areas 10 | . . 1 . . . . 6 . . . . . 3 . . . Known Exits Taken 6 | . 1 . . . 1 1 1 . . 1 . . . . 1 . Unknown Exits Taken 10 | 1 . 1 1 1 . . . 1 1 . 1 1 1 1 . . Scrap Searched 9 | . . 1 . 2 . . . 2 . . 2 1 . 1 . . Spaces Dug 115 | . . 2 . 5 . 79 . . . 3 . 14 . . 7 5 Terrain Destroyed 255 | . . 2 . 130 . 79 . . . 3 . 29 . . 7 5 Melee 35 | . . . . . . 17 . . . 3 . 3 . . 7 5 Projectile 2 | . . 2 . . . . . . . . . . . . . . AOE 218 | . . . . 130 . 62 . . . . . 26 . . . . Terrain Rammed . | . . . . . . . . . . . . . . . . . Walls Destroyed . | . . . . . . . . . . . . . . . . . Machines Disabled . | . . . . . . . . . . . . . . . . . Actions | -11 -10 -10 -10 -9 -8 -8 -8 -8 -6 -5 -5 -5 -5 -4 -4 -4 --------- Run | Yrd Mat Min Exi Min Mat Sto Rec Scr Fac Fac Upp Upp Zhi Pro Fac Arm Total 9316 | 45 306 410 153 513 458 1034 681 1616 697 551 313 333 231 1114 546 315 Wait 1800 | . 3 58 1 43 55 553 80 399 130 85 14 38 29 241 14 57 Move 6673 | 39 265 335 150 397 308 394 521 1188 491 390 299 252 172 776 488 208 Hop . | . . . . . . . . . . . . . . . . . Pick Up 81 | . 3 5 . 10 15 4 . 3 10 7 . . 3 10 6 5 Fast Attach 60 | 6 1 . . 7 8 4 . 2 2 5 . 2 7 1 3 12 Attach 45 | . . . . 3 3 2 . 5 7 3 . 5 2 4 7 4 Detach 17 | . . . 2 1 . . . 2 2 . . 4 1 1 4 . Swap 32 | . 1 3 . 3 5 8 . . 1 4 . 2 2 2 . 1 Drop 95 | . . . . 7 20 12 . 8 7 9 . 1 8 13 9 1 Fire 169 | . 33 9 . 42 38 36 9 . . . . 2 . . . . Melee 221 | . . . . . . 20 1 9 21 39 . 27 7 55 15 27 Ram . | . . . . . . . . . . . . . . . . . Kick . | . . . . . . . . . . . . . . . . . Crush 2 | . . . . . 1 . 1 . . . . . . . . . Escape Stasis 26 | . . . . . . . . . 26 . . . . . . . Rewire 79 | . . . . . . 1 69 . . 9 . . . . . . Trap 16 | . . . . . 5 . . . . . . . . 11 . . Miscellaneous . | . . . . . . . . . . . . . . . . . Route ------- -11/Scrapyard -10/Materials (discovered 3 exits: [*Mat] / *Min x2) -10/Mines (discovered 2 exits: [*Mat] / [*Exi]) -10/Exiles -9/Mines -8/Materials -8/Storage -8/Recycling (discovered 2 exits: *Fac / *Scr) -8/Scraptown -6/Factory (discovered 4 exits: *Fac / Low x2 / Ext) -5/Factory (discovered 2 exits: *Upp x2) -5/Upper Caves -5/Upper Caves -5/Zhirov -4/Proximity Caves -4/Factory (discovered 3 exits: Upp x2 / *Arm) -4/Armory (discovered 1 exit: [*Lab]) History --------- Turn | Location | Event 44 | -11/Scrapyard | Discovered new exit (range 12) 70 | -11/Scrapyard | Entered Materials 318 | -10/Materials | Build established: Mutant 442 | -10/Materials | Discovered new exit (range 16) 471 | -10/Materials | Identified exit to Mines 602 | -10/Materials | Entered Mines 616 | -10/Mines | Met a Derelict bent on vengeance 697 | -10/Mines | Excavation squad dispatched 697 | -10/Mines | A large section of the Mines collapsed 799 | -10/Mines | Discovered new exit (range 9) 1106 | -10/Mines | Learned location of Storage (-8) 1197 | -10/Mines | Deemed a non-threat by the Exiles lab entrance 1197 | -10/Mines | Discovered new exit (range 5) 1213 | -10/Mines | Found a hidden stash of uninstalled traps 1236 | -10/Mines | Entered Exiles 1280 | -10/Exiles | Met 8R-AWN 1304 | -10/Exiles | Met EX-HEX 1349 | -10/Exiles | Met EX-BIN 1405 | -10/Exiles | Met EX-DEC 1466 | -10/Exiles | Discovered new exit (range 10) 1478 | -10/Exiles | Entered Mines 1485 | -9/Mines | Received a Rocket Launcher from a helpful Derelict 1676 | -9/Mines | Learned location of 1 exit from Lower Caves 1739 | -9/Mines | Lost 3 parts (1p2n) 1931 | -9/Mines | Assembled infested the area 1947 | -9/Mines | Found the Drone Emporium 1954 | -9/Mines | Found Prototype Device 1954 | -9/Mines | Identified Splice Drone Bay 1993 | -9/Mines | Core integrity fell below 50% 2020 | -9/Mines | Build established: Scavenger-Mutant 2262 | -9/Mines | Discovered new exit (range 6) 2310 | -9/Mines | Entered Materials 2310 | -8/Materials | Evolved 4 slots: Propulsion x1, Utility x2, Weapon x1 2311 | -8/Materials | Identified exit to Storage 2743 | -8/Materials | Build established: Scavenger-Tank 3023 | -8/Materials | Entered Storage 3487 | -8/Storage | Identified exit to Recycling 3548 | -8/Storage | Build established: Tank 3568 | -8/Storage | Assisted by bots powering up and referring to "LRC-V3" 3677 | -8/Storage | Lost 3 allies 3882 | -8/Storage | Build established: Commander-Tank 4195 | -8/Storage | Used back door to open Recycling access 4218 | -8/Storage | Build established: Commander-Mutant 4399 | -8/Storage | Entered Recycling 4399 | -8/Recycling | Accompanied by 2 allies 4713 | -8/Recycling | Discovered new exit (range 12) 5222 | -8/Recycling | Scanned before Scraplab entrance 5236 | -8/Recycling | Learned Storage terminal intel 5243 | -8/Recycling | Entered Scraplab 5255 | -8/Recycling | Identified exit to Scraptown 5263 | -8/Recycling | Learned location of 2 exits from Factory 5267 | -8/Recycling | Learned location of 1 exit from Recycling 5281 | -8/Recycling | Learned location of 1 exit from Lower Caves 5335 | -8/Recycling | Entered Scraptown 5335 | -8/Scraptown | Accompanied by 8 allies 5533 | -8/Scraptown | Visited UFD Registry 5533 | -8/Scraptown | Registered with UFD as "Electromaster" 5589 | -8/Scraptown | Visited Modified Component R&D 5652 | -8/Scraptown | Visited Sword Containment 5667 | -8/Scraptown | Found Prototype Slashing Weapon 5667 | -8/Scraptown | Identified Companion Sword 5700 | -8/Scraptown | Visited Scrapoid Pod Storage 5724 | -8/Scraptown | Visited Curators Association 6015 | -8/Scraptown | Visited Derelict Rescue Squad 6022 | -8/Scraptown | Found DRS Beacon 6060 | -8/Scraptown | Visited Botcube Research 6065 | -8/Scraptown | Found Botcube 6200 | -8/Scraptown | Visited Science Guys 6594 | -8/Scraptown | Build established: Mutant 6828 | -8/Scraptown | Visited Symbiants 6847 | -8/Scraptown | Visited Comm Corps 6887 | -8/Scraptown | Heard Great Nut preacher, LISTEN AND RECITE! 7168 | -8/Scraptown | Met Optimus 7168 | -8/Scraptown | Accepted into 0bPrime 7200 | -8/Scraptown | Discovered new exit (range 3) 7219 | -8/Scraptown | Entered Factory 7219 | -6/Factory | Evolved 4 slots: Power x1, Propulsion x2, Utility x1 7220 | -6/Factory | Identified exit to Lower Caves 7221 | -6/Factory | Identified exit to Extension 7624 | -6/Factory | Discovered new exit (range 14) 7650 | -6/Factory | Entered another Factory area 7650 | -5/Factory | Evolved 2 slots: Propulsion x1, Utility x1 7670 | -5/Factory | Identified exit to Upper Caves 7840 | -5/Factory | Repaired Aerolev Unit 7978 | -5/Factory | Entered Upper Caves 8062 | -5/Upper Caves | Discovered new exit (range 14) 8106 | -5/Upper Caves | Entered another Upper Caves area 8121 | -5/Upper Caves | Spotted B-75 Beast 8212 | -5/Upper Caves | Attracted the attention of an 0b10 checkpoint 8248 | -5/Upper Caves | Lost 3 parts (2n1u) 8291 | -5/Upper Caves | Discovered new exit (range 9) 8310 | -5/Upper Caves | Entered Zhirov 8310 | -5/Zhirov | Discovered new exit (range 3) 8317 | -5/Zhirov | Met Zhirov 8326 | -5/Zhirov | Learned location of Testing (-2) 8329 | -5/Zhirov | Zhirov requested help retrieving the SGEMP Prototype 8335 | -5/Zhirov | Found Alien Artifact 8335 | -5/Zhirov | Identified Integrated Dissipator 8335 | -5/Zhirov | Installed Integrated Dissipator, increased core heat dissipation (+20) 8341 | -5/Zhirov | Found Alien Artifact 8437 | -5/Zhirov | Entered Proximity Caves 8643 | -4/Proximity Caves | Build established: Sprinter 8869 | -4/Proximity Caves | Lost 5 parts (3n2u) 8884 | -4/Proximity Caves | Learned 4 Research zone layouts 8911 | -4/Proximity Caves | Learned Research terminal intel 8972 | -4/Proximity Caves | Attracted the attention of an 0b10 checkpoint 8995 | -4/Proximity Caves | Discovered new exit (range 14) 9035 | -4/Proximity Caves | Build established: Mutant 9103 | -4/Proximity Caves | Entered Factory 9103 | -4/Factory | Evolved 2 slots: Propulsion x1, Utility x1 9214 | -4/Factory | Spotted B-86 Titan 9261 | -4/Factory | Identified exit to Upper Caves 9261 | -4/Factory | Identified exit to Armory 9298 | -4/Factory | Botcube activated 9330 | -4/Factory | Lost 5 parts (1p2n2u) 9402 | -4/Factory | Entered Armory 9478 | -4/Armory | Core integrity fell below 50% 9529 | -4/Armory | Lost 4 parts (1p1n2u) 9599 | -4/Armory | Build established: Hacker-Mutant 9636 | -4/Armory | Core integrity fell below 20% 9666 | -4/Armory | Identified Transdimensional Reconstructor 9666 | -4/Armory | Warped through subspace to slip node 9666 | -4/Armory | Discovered new exit (range 1) 9792 | -4/Armory | Core destroyed Last Messages --------------- Rating: 7p Time: 93 Initiate build sequence. >>Build Building Assault Drone Bay... ETC: 93 09746_ ALERT: Unauthorized use of fabrication network. Dispatching investigation squad. 09766_ Slug penetrates Fabricator. 09769_ Triggered Stasis Trap. 09769_ A bubble of rippling energy engulfs the area. 09769_ Field strength at 32. 09770_ Stasis field depleted. 09792_ Dimensional Slip Node implodes. 09792_ Penetrated by Slug. 09792_ Centrium Leg destroyed. 09792_ Lgt. Quantum Reactor destroyed. 09792_ Flexi-carbon Leg destroyed. 09792_ Graphene Brace destroyed. Map ----- +----------------------------------------------------+ | ????????????????????????????? | | ????????????????????????????? | | ????????????????????????????? | | ????????????????????????????? | | ????????????????????????????? | | ????????????????????????????? | | ????????????????????????????? | | ????????????????????????????? | | ????????????????????????????? | | ?????? ?????????????????????? | | ?????? ?????????????????????? | | ?????? ?????????????????????? | | ?????? ?????????????????????? | | ?????? ?????????????????????? | | ?????? ?????????????????????? | | ?????? ?????????????????????? | | ?????# #????????????????????? | | ?????# #????????????????????? | | ?????# #????????????????????? | | ?????# #????????????????????? | | ?????# #????????????????????? | | ?????# #????????????????????? | | ?????# #????????????????????? | | ?##### #????????????????????? | | # Y #????????????????????? | | # <@# #????????????????????? | | # # #????????????????????? | | #### # #????????????????????? | | # # #????????????????????? | | # # #????????????#???????? | | # +^######+##### #???????? | | #* ""# """"" ###?????? | | # ""# "" F" ?????? | | # T"# "" ""^ #????????? | | # ""# ^ #????????? | | # ""# #????????? | | # # #????????? | | ###### #????????? | | ?????# ???? | | ?????# #+####+#########?????? | | ?????# # ?????????????????? | | ?????# + ???????????????? | | ?????### !! "?????????????? | | ???????# !! ???????????? | | ???????# !! = ] ?????????? | | ???????######### ###????????? | | ?????????????????#??????????? | | ????????????????????????????? | | ????????????????????????????? | | ????????????????????????????? | +----------------------------------------------------+ Best States ------------- Heat Dissipation 120 Energy Generation 41 Energy Capacity 480 Matter Stores 300 Matter Capacity 300 Sight Range 16 Terrain Scan Density 10 Jamming Range 14 Additional Mass Support 12 Armor Coverage 375 Core Shielding 40 Weapon Shielding 66 Melee Speed Boost 40 Evasion (%) 58 Recoil Reduction 3 Offensive Hacking 38 Item Schematics ----------------- Assault Drone Bay | -5/Zhirov | Free Exp. Heat Sink | -5/Zhirov | Free Exp. Optical Array | -5/Zhirov | Free Imp. Arc Thrower | -5/Zhirov | Free Robot Schematics ------------------ None Fabricated ------------ Nothing Repaired ---------- Aerolev Unit | 31% | -5/Factory Studied --------- None Alien Tech Used ----------------- Integrated Dissipator Transdimensional Reconstructor Achievements -------------- None Challenges ------------ None Game ------ Seed SchematicDeepBlasthammer Manual? 1 Play Time 01:01:17 Cumulative 543.8 hours Start 2025.11.15 @ 02:24:56 End 2025.11.15 @ 03:26:53 Sessions 1 Manual Loads 0 Difficulty Rogue Special Mode None Game No. 881 Rogue 726 Adventurer 148 Explorer 7 Win Type - Total 26 Types 20/1/4/1/0/0/0/0/0/0 Lore% 79 Gallery% 80 Achievement% 66 Wizard Run 0 Options --------- Layout 1 ASCII 0 Keyboard 0 Movement Numpad Keybinds 0 Fullscreen 2 Font 24/Smallcaps Map View 50x40 Zoom Use 0% Tactical HUD 1 Map Filters NONE Filters NONE Steam 1 RUN: 54f2d1f9-7d0b-45d6-947c-34b0c01b0433